Map: Oxide LE

Players

BratOK (Brat_OK)

  • Race: Terran Terran
  • League: Grandmaster

SKillous - Winner!

  • Race: Protoss Protoss
  • League: Grandmaster

Event: DreamHack SC2 Masters 2021 Summer

VOD

Have the link to the VOD?

Description

Time

  • Played on: May 19, 2021, 1:15 p.m.
  • Length: 7:29

All games in this series

Show
View Real Time Build Order
Export as new Build Order

BratOK Terran 

Build Orders:  

Get SALT Encoding   

  12  0:00  SCV  
  13  0:12  SCV  
  14  0:17  Supply Depot  
  14  0:24  SCV  
  15  0:38  SCV  
  15  0:39  Barracks  
  16  0:43  Refinery  
  16  0:50  SCV  
  17  1:03  SCV  
  18  1:15  SCV  
  19  1:27  Orbital Command  
  19  1:29  Barracks Reactor  
  19  1:47  Command Center  
  19  1:52  Supply Depot  
  19  1:54  SCV  
  20  2:05  Marine x2  
  22  2:13  Factory  
  22  2:15  SCV  
  23  2:20  Refinery  
  23  2:23  Marine x2  
  23  2:29  SCV  
  26  2:32  Bunker  
  26  2:41  SCV  
  26  2:43  Marine x2  
  29  2:53  SCV  
  30  3:01  Starport  
  30  3:03  Orbital Command  
  30  3:13  Factory Tech Lab, SCV  
  30  3:14  Marine x2  
  33  3:26  SCV  
  34  3:29  Supply Depot  
  34  3:36  SCV  
  34  3:38  Factory Tech Lab, SCV  
  36  3:45  Raven, Marine x2  
  36  3:46  Supply Depot  
  40  3:50  SCV  
  40  3:51  SCV  
  40  3:55  Supply Depot  
  42  3:57  Siege Tank  
  45  4:03  SCV  
  45  4:04  SCV  
  45  4:05  Marine x2  
  49  4:16  SCV x2  
  51  4:19  Supply Depot  
  51  4:23  Marine x2  
  53  4:28  SCV x2  
  53  4:30  Siege Tank  
  58  4:35  Banshee  
  58  4:38  Supply Depot  
  61  4:40  SCV x2  
  61  4:41  Marine x2  
  65  4:47  Supply Depot  
  65  4:52  SCV x2  
  66  4:54  Barracks  
  66  5:04  SCV x2  
  66  5:05  Siege Tank  
  66  5:06  Marine x2  
  73  5:10  Supply Depot  
  73  5:12  Refinery  
  73  5:16  SCV x2  
  75  5:22  Banshee  
  78  5:28  SCV  
  78  5:29  SCV  
  78  5:32  Supply Depot  
  78  5:33  Marine x2  
  81  5:38  Supply Depot  
  81  5:40  SCV, Siege Tank  
  86  5:42  SCV  
  86  5:50  Marine  
  86  5:51  Marine  
  86  5:52  SCV, Barracks  
  86  5:54  SCV  
  86  5:55  Barracks Tech Lab  
  86  5:56  Supply Depot  
  90  6:02  Engineering Bay  
  90  6:03  Refinery  
  90  6:04  SCV  
  90  6:08  Marine x2  
  90  6:09  Banshee  
  86  6:26  Marine x2  
  86  6:27  Bunker  
  86  6:28  Siege Tank  
  86  6:30  Marine  
  86  6:31  Bunker  
  86  6:32  SCV x2  
  94  6:36  Supply Depot  
  94  6:44  Marine  
  86  6:47  Marine  
  86  6:48  Marine  
  86  6:51  SCV  
  70  7:05  Command Center  
  70  7:07  Starport Reactor  
  69  7:08  SCV x2  
  69  7:09  Supply Depot  
Show
View Real Time Build Order
Export as new Build Order

SKillous Protoss - Winner!

Build Orders: 1 Gate Expand, Blink Stalkers, Colossus Rush 

Get SALT Encoding   

  12  0:00  Probe  
  13  0:12  Probe  
  14  0:19  Pylon  
  14  0:24  Probe (Chrono Boost)  
  15  0:37  Probe (Chrono Boost), Gateway  
  16  0:46  Probe (Chrono Boost), Assimilator  
  17  0:51  Probe  
  18  1:03  Probe  
  19  1:15  Probe  
  20  1:25  Cybernetics Core  
  20  1:31  Nexus  
  20  1:39  Pylon  
  20  1:42  Probe  
  21  1:49  Assimilator  
  21  1:56  Probe  
  21  1:59  Adept (Chrono Boost)  
  22  2:03  Warp Gate  
  22  2:08  Probe  
  25  2:20  Probe (Chrono Boost)  
  26  2:23  Stalker  
  28  2:32  Probe (Chrono Boost)  
  28  2:33  Twilight Council  
  29  2:40  Probe (Chrono Boost), Gateway  
  30  2:44  Probe (Chrono Boost)  
  32  2:53  Probe x2 (Chrono Boost)  
  33  3:00  Probe, Robotics Facility  
  33  3:01  Probe  
  35  3:12  Probe  
  35  3:13  Probe  
  35  3:19  Blink (Chrono Boost)  
  37  3:25  Probe x2  
  39  3:33  Pylon  
  39  3:37  Probe x2, Shield Battery  
  39  3:40  Shield Battery  
  41  3:43  Assimilator  
  41  3:46  Assimilator  
  41  3:47  Observer (Chrono Boost)  
  42  3:49  Probe x2  
  44  3:57  Pylon  
  44  4:00  Observer (Chrono Boost)  
  44  4:01  Probe x2  
  47  4:05  Stalker  
  47  4:06  Stalker  
  51  4:13  Probe x2  
  53  4:23  Robotics Bay  
  53  4:25  Probe  
  53  4:26  Probe  
  53  4:28  Observer  
  56  4:39  Nexus  
  56  4:40  Pylon  
  56  4:41  Stalker  
  56  4:43  Stalker  
  60  4:46  Probe  
  60  4:48  Observer, Probe  
  62  4:56  Pylon  
  62  5:07  Colossus (Chrono Boost)  
  62  5:10  Charge (Chrono Boost)  
  68  5:14  Gateway  
  68  5:15  Probe  
  68  5:16  Probe, Gateway  
  68  5:18  Observer  
  70  5:28  Probe x2  
  72  5:29  Extended Thermal Lance  
  72  5:35  Gateway x2  
  72  5:48  Zealot, Sentry  
  74  5:50  Colossus (Chrono Boost)  
  74  5:54  Shield Battery  
  74  5:55  Shield Battery  
  80  6:09  Stalker  
  82  6:12  Pylon x2  
  82  6:13  Zealot x2  
  82  6:14  Zealot  
  86  6:30  Zealot x2  
  90  6:35  Shield Battery  
  95  6:42  Zealot x4  
  99  6:49  Probe x2 (Chrono Boost)  
  99  6:51  Probe (Chrono Boost)  
  98  7:00  Stalker x2  
  105  7:01  Probe x2 (Chrono Boost)  
  105  7:03  Probe (Chrono Boost)  
  105  7:04  Zealot x2  
  105  7:07  Pylon  
  109  7:09  Pylon  
  108  7:26  Zealot x5  
Tags
 
Add a new tag
Caveats
  • Supply blocks, unpowered buildings, or Contaminate may cause inaccurate times.
  • Supply counts are checked every 10 seconds.